 Dungeon Crawl Stone Soup version 0.30.1-4-g462c640d31 (webtiles) character file.

Game seed: 123459457651477220

25 hawla the Firebug (level 3, -1/26 HPs)
             Began as a Meteoran Fire Elementalist on Aug 26, 2023.
             Slain by a black bear (4 damage)
             ... on level 2 of the Dungeon.
             The game lasted 00:01:24 (331 turns).

hawla the Firebug (Meteoran Fire Elementalist)       Turns: 331, Time: 00:01:25

Health: -1/26      AC:  2    Str: 10    XL:     3   Next: 35%
Magic:  3/8        EV: 12    Int: 18    God:
Gold:   31         SH:  0    Dex: 14    Spells: 5/8 levels left

rFire   . . .        (no weapon)
rCold   . . .        (no shield)
rNeg    . . .        a - +0 robe
rPois   .            (no helmet)
rElec   .            (no cloak)
rCorr   .            (no gloves)
SInv    .            (no boots)
Will    .....        (no amulet)
Stlth   +            (no ring)
HPRegen 0.24/turn    (no ring)
MPRegen 0.11/turn

%: no passive effects
@: glowing
A: sense surroundings 1, otherworldly, glowing, explore regen
a: no special abilities


You were on level 2 of the Dungeon.
You visited 1 branch of the dungeon, and saw 3 of its levels.

You collected 31 gold pieces.

Inventory:

Armour
 a - a +0 robe (worn)
Scrolls
 f - a scroll of identify {unknown}
Potions
 b - a potion of magic
 c - a potion of haste {unknown}
 d - a potion of berserk rage {unknown}
 e - a potion of flight {unknown}
 g - a potion of mutation {unknown}


   Skills:
 + Level 2.7 Dodging
 - Level 1.4 Stealth
 + Level 3.1 Spellcasting
 + Level 1.3 Conjurations
 + Level 4.5 Fire Magic


You had 5 spell levels left.
You knew the following spells:

 Your Spells              Type           Power      Damage    Failure   Level
a - Foxfire               Conj/Fire      52%        2x1d6     4%          1
b - Scorch                Fire           38%        2d6       3%          2

Your spell library contained the following spells:

 Spells                   Type           Power      Damage    Failure   Level
 Necrotise                Necr           8%         1d4       16%         1
 Inner Flame              Hex/Fire       10%        N/A       19%         3
 Volatile Blastmotes      Fire/Tloc      20%        2d11      19%         3
 Vampiric Draining        Necr           2%         2d6       43%         3
 Flame Wave               Conj/Fire      13%        2d6       43%         4
 Agony                    Necr           2%         N/A       99%         5


Dungeon Overview and Level Annotations

Branches:
Dungeon (3/15) Zot: 1468

Altars:

Shops:
D:2 (


Innate Abilities, Weirdness & Mutations

You passively map a small area around you.
You are easily found by Zot.
You glow in the dark.
You regain HP and MP as you explore.


Message History

You feel sick.
Your Spellcasting skill increases to level 3!
You have reached level 3!
Your experience leads to an increase in your attributes!
Increase (S)trength, (I)ntelligence, or (D)exterity?
You feel clever. x2; You feel stronger.
You feel sick.
You see here an adder corpse.
You feel sick.
You feel sick.
g - a fuming sapphire potion You feel sick.
Found a scale mail.
You feel sick.
You are no longer poisoned.
A black bear comes into view.
Found a clear potion and a bubbling black potion.
The black bear growls angrily.
A black bear is nearby!
The black bear attacks as you move away!
The black bear closely misses you.
The black bear claws you but does no damage.
The black bear closely misses you.
There is a stone staircase leading up here.
The black bear misses you. The black bear claws you.
The black bear completely misses you.
You climb upwards.
There is a stone staircase leading down here.
The black bear attacks as you move away!
The black bear bites you! The black bear claws you. x2
The black bear attacks as you move away!
The black bear bites you!
* * * LOW HITPOINT WARNING * * *
The black bear claws you.
* * * LOW HITPOINT WARNING * * *
The black bear closely misses you.
The black bear attacks as you move away!
The black bear bites you.
* * * LOW HITPOINT WARNING * * *
The black bear claws you.
You die...

########._.#####...#
#..'.8....## ###.# * #.##.#.####
#.#### #.##.#...# #....##
#.##.###'# ####..#
########.##.....# ##.#
,......[...###################..
##########.....................
#.....@######.###.###.. ** ,
#.####h# # #....#. * ,, ...
#.######.######.#. , ,...##
#........##....... *....
##......###....... , *###
#..>.............
##..#...##.^.###. , #..#.
..........# * #.#..# ##....##.(


You could see a black bear.

Vanquished Creatures
  An adder (D:3)
  An adder skeleton (D:3)
  3 ball pythons (D:2)
  3 endoplasms
  3 goblins
  A frilled lizard (D:2)
12 creatures vanquished.

Vanquished Creatures (others)
  An endoplasm (D:2)
  22 foxfires
23 creatures vanquished.

Grand Total: 35 creatures vanquished

Notes
Turn   | Place    | Note
-------+----------+-------------------------------------------
     0 | D:1      | hawla the Meteoran Fire Elementalist began the quest for
                  | the Orb.
     0 | D:1      | Reached XP level 1. HP: 14/14 MP: 5/5
    51 | D:2      | Found Edanymm's Weapon Boutique.
    53 | D:2      | Reached XP level 2. HP: 19/20 MP: 0/6
    61 | D:2      | Reached skill level 4 in Fire Magic
   118 | D:2      | Found a faded altar of an unknown god.
   185 | D:3      | Learned a level 2 spell: Scorch
   308 | D:3      | Reached XP level 3. HP: 23/26 MP: 0/8
   313 | D:3      | Noticed a black bear
   331 | D:2      | Slain by a black bear

Illustrated notes

Levels and vault maps discovered:
D:1:      dpeg_arrival_rhombus, layout_basic
D:2:      cheibrodos_greedy_goblins, layout_rooms, serial_shops,
          nicolae_shop_bloodbath_and_beyond, shapermc_ecumenical_altar_ellora
D:3:      layout_rooms, serial_undead, serial_undead_a, serial_undead_f,
          serial_undead_a, serial_undead_e, roderic_lattice_a

Skill      XL: |  1  2 |
---------------+-------+-----
Fire Magic     | 4 |  4.5
Spellcasting   | 3 |  3.1
Dodging        | |  2.7
Stealth        | |  1.4
Conjurations   | |  1.3

Action                     || total
---------------------------++-------
  Melee: Unarmed           ||     1
   Cast: Foxfire           ||    12
         Scorch            ||     6
    Use: Scroll            ||     2
 Armour: Robe              ||     2
  Dodge: Dodged            ||     9
